 Dungeon Crawl Stone Soup version 0.32-a0-898-g7811c86cf0 (webtiles) character file.

Game seed: 3765184039804582456

177 Oneirical the Grasshopper (level 5, -5/26 HPs)
             Began as a Felid Warper on Apr 5, 2024.
             Slain by a gnoll
             ... wielding a +0 flail
              (10 damage)
             ... on level 3 of the Dungeon.
             The game lasted 00:05:17 (2597 turns).

Oneirical the Grasshopper (Felid Warper)            Turns: 2597, Time: 00:05:17

Health: -5/26      AC:  1    Str:  7    XL:     5   Next: 31%
Magic:  9/9        EV: 16    Int: 19    God:
Gold:   235        SH:  0    Dex: 15    Spells: 3/8 levels left
                                        Lives:  0   Deaths: 2

rFire   . .          .
                       - Unarmed
rCold   . . .        (shield unavailable)
rNeg    . . .        (body armour unavailable)
rPois   .            (helmet unavailable)
rElec   .            (cloak unavailable)
rCorr   .            (gloves unavailable)
SInv    +            (boots unavailable)
Will    .....        (no amulet)
Stlth   +            (no ring)
HPRegen 0.24/turn    (no ring)
MPRegen 0.11/turn

%: no passive effects
@: no status effects
A: very small, claws 1, fangs 3, see invisible, shaggy fur 1, stealthy paws, no
weapons or thrown items, no armour, multi-lived, inability to read after injury
1
a: no special abilities


You were on level 3 of the Dungeon.
You visited 1 branch of the dungeon, and saw 3 of its levels.

You collected 235 gold pieces.

Inventory:

Jewellery
 b - an amulet of the acrobat
Talismans
 i - a maw talisman
Scrolls
 a - a scroll of blinking
 c - 2 scrolls of fog {unknown}
 e - a scroll of poison {unknown}
 g - 2 scrolls of enchant weapon {unknown}
 j - a scroll of enchant armour {unknown}
 m - a scroll of identify {unknown}
Potions
 d - a potion of degeneration {unknown}
 f - a potion of might {unknown}
 h - a potion of curing {unknown}
 k - a potion of heal wounds {unknown}
 l - a potion of brilliance {unknown}


   Skills:
 - Level 2.0 Fighting
 - Level 3.2 Dodging
 + Level 4.7 Unarmed Combat
 - Level 2.0 Spellcasting
 - Level 6.0 Translocations
 + Level 0.5 Shapeshifting


You had 3 spell levels left.
You knew the following spells:

 Your Spells              Type           Power      Damage    Failure   Level
a - Maxwell's Portable P  Tloc           24%        2d(7-20)  4%          3
b - Blink                 Tloc           48%        N/A       2%          2

Your spell library contained the following spells:

 Spells                   Type           Power      Damage    Failure   Level
 Lesser Beckoning         Tloc           48%        N/A       2%          2
 Teleport Other           Tloc           24%        N/A       4%          3
 Vhi's Electric Charge    Tloc/Air       26%        N/A       43%         4


Dungeon Overview and Level Annotations

Branches:
Dungeon (3/15)

Altars:
Yredelemnul

Annotations:
D:3 4 runed translucent doors, KennySheep's ghost, amateur AtWr


Innate Abilities, Weirdness & Mutations

You have sharp claws.
You have razor-sharp teeth.
You have supernaturally acute eyesight. (SInv)
You are covered in fur. (AC +1)
Your paws help you pounce on unaware monsters.
You are incapable of wielding weapons or throwing items.
You cannot wear armour.
You gain extra lives every three experience levels.
You occasionally lose the ability to read scrolls when taking damage.


Message History

You kill the orc!
Things that are here:
a +0 mace of holy wrath; an orc corpse
Found 7 stones.
You now have 209 gold pieces (gained 4).
You now have 218 gold pieces (gained 9).
You see here 7 stones.
You now have 235 gold pieces (gained 17).
As you open the door, it creaks loudly!
There is an open door here.
You see here 2 stones.
You see here a rat skeleton.
Things that are here:
a +0 short sword; 3 stones; a kobold skeleton A gnoll is nearby!
A gnoll is nearby!
A gnoll is nearby!
The gnoll shouts!
The gnoll attacks as it pursues you! The gnoll barely misses you.
The gnoll shouts!
You claw the gnoll!
The gnoll is heavily wounded.
The gnoll hits you with a +1 flail of distortion.
Space warps around you.
You scratch the gnoll. You bite the gnoll.
The gnoll is severely wounded.
The gnoll misses you.
You scratch the gnoll but do no damage.
The gnoll is severely wounded.
The gnoll hits you with a +0 flail! The gnoll barely misses you.
You scratch the gnoll but do no damage. Your claw misses the gnoll.
The gnoll is severely wounded.
The gnoll misses you. x2
The gnoll hits you from afar with a +0 spear!
* * * LOW HITPOINT WARNING * * *
You claw the gnoll!
You kill the gnoll!
The gnoll completely misses you. The gnoll barely misses you. x2
The gnoll attacks as it pursues you! The gnoll hits you with a +0 flail!
You die...

#....# #.#.....##.##.#.# #
#....####.########.#..#.###
#.)..#.................>...
#......#########.#.#....... ###
####........#.......#.#.### #.#
#..(#####.#.##.#...)#.... ##.##
##....÷)...#....#.####...# #...#
#..######..#.#............
##†#.###.## #@.#.#..#.####..##
#..#..#..# #g.#.#..#.# #..##
..###...## #.g#.#..#.# #.... ..#
#...# #.g#.#..#.####.### .##
##.## #..#.#.......#.#
################..#.#.##.##.#)##.
........†ggg†............#....)..
###......g######..#...#...#######
#.......# #..#.......######


You could see 3 gnolls.

Vanquished Creatures
  A hound (D:3)
  Natasha (twice) (D:2)
  Robin (D:2)
  A gnoll (D:3)
  2 adders (D:3)
  A ribbon worm (D:2)
  A dart slug (D:2)
  3 orcs (D:3)
  An endoplasm (D:1)
  A giant cockroach (D:2)
  12 goblins
  10 hobgoblins
  6 kobolds
  3 ball pythons
  2 bats (D:2)
  2 frilled lizards
  A kobold skeleton (D:3)
  3 rats
53 creatures vanquished.

Notes
Turn   | Place    | Note
-------+----------+-------------------------------------------
     0 | D:1      | Oneirical the Felid Warper began the quest for the Orb.
     0 | D:1      | Reached XP level 1. HP: 11/11 MP: 4/4
   383 | D:1      | Reached XP level 2. HP: 15/15 MP: 6/6
   874 | D:2      | Reached skill level 5 in Translocations
   940 | D:3      | Gained mutation: You occasionally lose the ability to read
                  | scrolls when taking damage. [potion of mutation]
   948 | D:3      | Reached XP level 3. HP: 5/18 MP: 7/7
   968 | D:3      | Learned a level 3 spell: Maxwell's Portable Piledriver
  1268 | D:2      | Found a faded altar of an unknown god.
  1272 | D:2      | Noticed Robin
  1380 | D:3      | Learned a level 2 spell: Blink
  1499 | D:3      | Reached XP level 4. HP: 12/23 MP: 4/8
  1499 | D:3      | Gained a life (2 lives remaining)
  1549 | D:2      | Killed Robin
  1550 | D:2      | Reached skill level 6 in Translocations
  1712 | D:2      | Noticed Natasha
  1717 | D:2      | Killed Natasha
  1748 | D:2      | Noticed Natasha
  1757 | D:2      | Slain by a cerulean imp
  1757 | D:2      | Lost a life (1 life remaining)
  1771 | D:2      | Killed Natasha
  1970 | D:3      | Found a runed translucent door.
  1970 | D:3      | Noticed a human
  1981 | D:3      | Reached XP level 5. HP: 23/26 MP: 9/9
  1981 | D:3      | Found a basalt altar of Yredelemnul.
  2386 | D:3      | Noticed KennySheep's ghost (amateur AtWr)
  2460 | D:3      | Found a runed translucent gate.
  2460 | D:3      | Found a runed translucent gate.
  2461 | D:3      | Found a runed translucent gate.
  2489 | D:3      | Mangled by a gnoll
  2489 | D:3      | Lost a life (0 lives remaining)
  2597 | D:3      | Slain by a gnoll

Illustrated notes

Levels and vault maps discovered:
D:1:      orjb1_lava_funnel, layout_basic
D:2:      layout_rooms, basic_ecumenical_altar, skrybe_limestone_x, uniq_robin,
          uniq_natasha
D:3:      layout_basic, dk_yredelemnul_ordeal, gammafunk_ghost_split,
          chequers_avenue, eino_curves_03

Skill      XL: |  1  2  3  4 |
---------------+-------------+-----
Translocations | 5 6 |  6.0
Unarmed Combat | 3 4 |  4.7
Fighting       | |  2.0
Dodging        | |  3.2
Spellcasting   | |  2.0
Shapeshifting  | |  0.5

Action                     |  1- 3 |  4- 6 || total
---------------------------+-------+-------++-------
  Melee: Unarmed           |    78 |    55 ||   133
         Bite              |     7 |     6 ||    13
         Punch             |     3 |     4 ||     7
   Cast: Maxwell's Portabl |     8 |     5 ||    13
    Use: Potion            |     3 |       ||     3
   Stab: Sleeping          |     1 |     2 ||     3
 Armour: Skin              |    34 |    27 ||    61
  Dodge: Dodged            |    93 |    56 ||   149

Table legend: (Time is in decaauts)
 A = Elapsed time spent in this place.
 B = Non-inter-level travel time spent in this place.
 C = Inter-level travel time spent in this place.
 D = Time resting spent in this place.
 E = Time spent auto-exploring this place.
 F = Levels seen in this place.
 G = Mean time per level.
                   A        B        C        D        E       F      G
               +--------+--------+--------+--------+--------+-----+--------+
         Total |   2606 |   2567 |     39 |    215 |   1848 |   3 |  868.7 |
       Dungeon |   2606 |   2567 |     39 |    215 |   1848 |   3 |  868.7 |
               +--------+--------+--------+--------+--------+-----+--------+

Top non-repeatable levels by time:
     D:3: 966 daAuts
     D:1: 828 daAuts
     D:2: 811 daAuts
